 Dungeon Crawl Stone Soup version 0.30.0-29-ga12c61a403 (webtiles) character file.

Game seed: 4508957168472555412

2196 jtron the Summoner (level 9, -6/49 HPs)
             Began as a Tengu Summoner on May 20, 2023.
             Was a Believer of Fedhas.
             Killed from afar by a steam dragon (21 damage)
             ... with a ball of steam
             ... on level 7 of the Dungeon on June 11, 2023.
             The game lasted 00:19:37 (5308 turns).

jtron the Summoner (Tengu Summoner)                 Turns: 5308, Time: 00:19:38

Health: -6/49      AC:  6    Str: 11    XL:     9   Next: 34%
Magic:  8/17       EV: 20    Int: 17    God:    Fedhas [**....]
Gold:   241        SH:  0    Dex: 15    Spells: 6/17 levels left

rFire   . . .        a - +5 trident
rCold   . . .        (no shield)
rNeg    + . .        h - +1 robe
rPois   .            s - +1 hat
rElec   .            d - +1 cloak
rCorr   .            (no gloves)
SInv    .            (boots unavailable)
Will    .....        (no amulet)
Stlth   +++          o - ring of positive energy
HPRegen 0.28/turn    t - +5 ring of evasion
MPRegen 0.15/turn

%: no passive effects
@: flying quickly and evasively, very slightly contaminated, quick
A: beak, talons 3, nimble flight
a: Renounce Religion, Wall of Briars


You were on level 7 of the Dungeon.
You worshipped Fedhas.
Fedhas was pleased with you.
You visited 1 branch of the dungeon, and saw 7 of its levels.

You collected 269 gold pieces.
You spent 28 gold pieces at shops.

Inventory:

Hand Weapons
 a - a +5 trident (weapon)
 b - a +0 sling
 g - a +1 dagger of speed
 r - a +0 dagger
 u - a +4 dagger of venom
 v - a +0 short sword
 w - a +0 sling
 y - a +0 war axe
Missiles
 i - 43 stones
 k - 6 poisoned darts
 m - a throwing net
 B - 3 boomerangs
Armour
 d - a +1 cloak (worn)
 h - a +1 robe (worn)
 s - a +1 hat (worn)
Magical Staves
 j - a staff of death
Jewellery
 o - a ring of positive energy (left hand)
 t - a +5 ring of evasion (right hand)
 A - an amulet of the acrobat
Wands
 x - a wand of mindburst (5)
 C - a wand of light (3)
 E - a wand of flame (15)
Scrolls
 e - 4 scrolls of identify
 f - 5 scrolls of teleportation
 n - 2 scrolls of blinking
 p - a scroll of fog
 q - a scroll of amnesia
Potions
 c - 4 potions of curing
 l - a potion of brilliance
 D - 2 potions of resistance {unknown}


   Skills:
 * Level 2.5 Fighting
 + Level 5.6 Polearms
 + Level 3.3 Dodging
 + Level 4.6 Stealth
 + Level 4.7 Spellcasting
 * Level 2.6 Conjurations
 + Level 8.0 Summonings
 + Level 1.9 Ice Magic
 + Level 3.9 Air Magic
 * Level 2.3 Poison Magic
 - Level 2.0 Invocations
 + Level 1.0 Evocations


You had 6 spell levels left.
You knew the following spells:

 Your Spells              Type           Power      Damage    Failure   Level
a - Summon Small Mammal   Summ           100%       N/A       1%          1
b - Call Canine Familiar  Summ           31%        N/A       1%          3
c - Summon Lightning Spi  Summ/Air       24%        N/A       12%         4
d - Mephitic Cloud        Conj/Pois/Air  14%        N/A       13%         3

Your spell library contained the following spells:

 Spells                   Type           Power      Damage    Failure   Level
 Call Imp                 Summ           62%        N/A       1%          2
 Poisonous Vapours        Pois/Air       28%        N/A       6%          2
 Summon Guardian Golem    Hex/Summ       17%        N/A       9%          3
 Sublimation of Blood     Necr           4%         N/A       22%         2
 Wereblood                Tmut           4%         N/A       22%         2
 Freezing Cloud           Conj/Ice/Air   6%         6-21      77%         5
 Summon Hydra             Summ           15%        N/A       99%         7


Dungeon Overview and Level Annotations

Branches:
Dungeon (7/15)
 Temple: D:4-7

Altars:
Elyvilon
Fedhas
Sif Muna
Uskayaw
Vehumet
Xom
Yredelemnul

Shops:
D:2 ?

Annotations:
D:5 1 runed translucent door, Crazy Yiuf


Innate Abilities, Weirdness & Mutations

You have a beak for a mouth.
You have claws for feet.
Your magical nature lets you fly swiftly and evasively.


Message History

An electric hum fills the air.
The steam dragon hisses angrily.
The steam dragon breathes steam at you. The ball of steam hits you!
Unknown command.
Found a basalt altar of Yredelemnul.
You are engulfed in a cloud of scalding steam.
Casting: Summon Lightning Spire (quite dangerous; 12% risk of failure)
Confirm with . or Enter, or press ? or * to list all spells.
You are engulfed in a cloud of scalding steam.
You are engulfed in a cloud of scalding steam.
* * * LOW HITPOINT WARNING * * *
Casting: Call Canine Familiar (safe; 1% risk of failure)
Confirm with . or Enter, or press ? or * to list all spells.
You miscast Call Canine Familiar.
You are very lightly contaminated with residual magic.
Nothing appears to happen.
You closely miss the steam dragon.
You claw the steam dragon, but do no damage.
The steam dragon breathes steam at you. The ball of steam misses you.
Your hound bites the steam dragon but does no damage.
You hear a shout!
Your hound completely misses the steam dragon.
The steam dragon bites your hound. The steam dragon claws your hound.
Your hound bites the steam dragon.
You hit the steam dragon. You claw the steam dragon.
You peck the steam dragon, but do no damage.
The steam dragon is moderately wounded.
The steam dragon bites you.
* * * LOW HITPOINT WARNING * * *
The steam dragon claws you but does no damage.
Your hound bites the steam dragon.
You puncture the steam dragon!
The steam dragon is severely wounded.
Your hound barely misses the steam dragon.
The steam dragon breathes steam at you. The ball of steam hits you!!
You die...
Fedhas appreciates your contribution to the ecosystem.

#...# . ....#
#. ≈≈≈.. ..≈
c.≈.#
..≈.#####.≈.#
#.≈.c...#.≈.#
#§_@#.≈.#
#§§§D.≈.#
≈.#####h≈.#
≈....h§.≈.#
≈≈≈≈≈§≈§≈.#
......8...#
##.....#.##
####.. .# ##.
.#


You could see a steam dragon (catching breath, ally target), a centaur and a
friendly hound (summoned).

Vanquished Creatures
  2 yaks (D:5)
  3 orc warriors (D:6)
  An ogre (D:5)
  2 centaurs
  2 scorpions (D:5)
  2 orc priests
  A hound (D:5)
  A jelly (D:5)
  4 iguanas (D:6)
  3 orc wizards
  2 adders
  2 white imps (D:6)
  An ufetubus (D:6)
  A dart slug (D:1)
  7 orcs
  A ball python (D:4)
  3 bats
  3 endoplasms
  2 goblins
  5 hobgoblins
  A jackal (D:3)
  4 quokkas
  A frilled lizard (D:2)
  A kobold (D:4)
  A rat (D:1)
56 creatures vanquished.

Vanquished Creatures (collateral kills)
  2 yaks (D:5)
  An ogre (D:5)
  A phantom (D:6)
  A wight (D:6)
  A jelly (D:4)
  An orc priest (D:5)
  A hound (D:6)
  An orc wizard (D:4)
  4 iguanas
  2 adders
  A shadow imp (D:6)
  A white imp (D:6)
  An ufetubus (D:5)
  4 worms
  A dart slug (D:1)
  10 orcs
  2 ball pythons (D:2)
  2 bats
  4 endoplasms
  2 goblins
  A hobgoblin (D:1)
  3 jackals (D:3)
  A quokka (D:5)
  3 frilled lizards
  3 kobolds
  A rat (D:1)
55 creatures vanquished.

Vanquished Creatures (others)
  Blork the orc (D:6)
  An adder (D:5)
  2 orcs
4 creatures vanquished.

Grand Total: 115 creatures vanquished

Notes
Turn   | Place    | Note
-------+----------+-------------------------------------------
     0 | D:1      | jtron the Tengu Summoner began the quest for the Orb.
     0 | D:1      | Reached XP level 1. HP: 10/10 MP: 4/4
    50 | D:1      | Reached skill level 5 in Summonings
   157 | D:1      | Reached XP level 2. HP: 15/15 MP: 3/6
   962 | D:2      | Found Yluomykk's Magic Scroll Shoppe.
   987 | D:2      | Bought a scroll of identify for 28 gold pieces
  1024 | D:2      | Reached XP level 3. HP: 13/19 MP: 5/7
  1033 | D:2      | Learned a level 3 spell: Call Canine Familiar
  1244 | D:2      | Found a radiant altar of Vehumet.
  1523 | D:3      | Reached XP level 4. HP: 24/24 MP: 5/9
  1597 | D:3      | Found a shimmering altar of Xom.
  1605 | D:3      | Found a hide-covered altar of Uskayaw.
  1889 | D:3      | Reached skill level 1 in Polearms
  1889 | D:3      | Reached skill level 1 in Ice Magic
  1952 | D:3      | Found a faded altar of an unknown god.
  2031 | D:3      | Gained mutation: Your magical nature lets you fly swiftly
                  | and evasively. [Tengu growth]
  2031 | D:3      | Reached XP level 5. HP: 28/28 MP: 4/10
  2310 | D:4      | Upgraded the game from 0.30.0-15-g856e2d3f33 to
                  | 0.30.0-29-ga12c61a403
  2570 | D:4      | Found a blossoming altar of Fedhas.
  2577 | D:4      | Reached skill level 6 in Summonings
  2595 | D:4      | Became a worshipper of Fedhas Madash
  2741 | D:4      | Found a white marble altar of Elyvilon.
  3064 | D:5      | Entered Level 5 of the Dungeon
  3094 | D:5      | Reached XP level 6. HP: 29/33 MP: 7/11
  3262 | D:5      | Noticed a yak
  3272 | D:5      | Noticed a yak
  3278 | D:5      | Killed a yak
  3279 | D:5      | Reached skill level 1 in Fighting
  3279 | D:5      | Reached skill level 1 in Air Magic
  3279 | D:5      | Reached XP level 7. HP: 35/38 MP: 7/13
  3284 | D:5      | Killed a yak
  3285 | D:5      | Reached skill level 1 in Invocations
  3341 | D:5      | Noticed a yak
  3344 | D:5      | Noticed a yak
  3353 | D:5      | Reached * piety under Fedhas
  3364 | D:5      | Killed a yak
  3365 | D:5      | Reached XP level 8. HP: 37/43 MP: 10/14
  3369 | D:5      | Killed a yak
  3370 | D:5      | Reached skill level 7 in Summonings
  3577 | D:5      | Found a runed translucent door.
  3578 | D:5      | Noticed Crazy Yiuf
  3807 | D:5      | Reached skill level 5 in Polearms
  4414 | D:6      | Learned a level 4 spell: Summon Lightning Spire
  4418 | D:6      | Learned a level 3 spell: Mephitic Cloud
  4699 | D:6      | Reached XP level 9. HP: 36/48 MP: 12/16
  4710 | D:6      | Reached skill level 1 in Conjurations
  4749 | D:6      | Reached skill level 1 in Poison Magic
  4892 | D:6      | HP: 2/49 [wight/+0 morningstar (13)]
  4896 | D:6      | Reached ** piety under Fedhas
  4899 | D:6      | Reached skill level 8 in Summonings
  4899 | D:6      | Reached skill level 1 in Evocations
  4986 | D:6      | Noticed Blork the orc
  5261 | D:6      | Killed Blork the orc
  5269 | D:6      | Found a shimmering blue altar of Sif Muna.
  5300 | D:7      | Found a basalt altar of Yredelemnul.
  5308 | D:7      | Killed from afar by a steam dragon

Illustrated notes

Levels and vault maps discovered:
D:1:      nzn_arrival_water_spiral, layout_basic, minmay_tiny_reverse_x
D:2:      layout_rooms, serial_shops, shop, basic_altar, moated_statue
D:3:      layout_rooms, mainiacjoe_overflow_large_starburst,
          chequers_ecumenical_altar_simple_redux, grunt_ministairs_15
D:4:      layout_basic, fedhas_altar_1, lemuel_round_altar
D:5:      wad_pebble_path, layout_basic, uniq_crazy_yiuf_cottage
D:6:      minmay_skewed_foursquare, layout_rooms, tgw_sif, wad_rectangle_vault
D:7:      minmay_blocky_corners, layout_basic, lemuel_round_altar,
          grunt_dithmenos_shadows, mainiacjoe_overflow_brackets,
          minmay_temple_entry_waves

Skill      XL: |  1  2  3  4  5  6  7  8  9 |
---------------+----------------------------+-----
Summonings     | 5 6 7 8 |  8.0
Polearms       | 1 2 3 4 5 |  5.6
Ice Magic      | 1 |  1.9
Spellcasting   | 3 4 |  4.7
Stealth        | 3 4 |  4.6
Fighting       | 1 2 |  2.5
Air Magic      | 1 2 3 |  3.9
Invocations    | 1 2 |  2.0
Dodging        | 3 |  3.3
Conjurations   | 2 |  2.6
Poison Magic   | 2 |  2.3
Evocations     | 1 |  1.0

Action                     |  1- 3 |  4- 6 |  7- 9 || total
---------------------------+-------+-------+-------++-------
  Melee: Dagger            |    15 |       |       ||    15
         Short sword       |    10 |       |       ||    10
         Kick              |     6 |    20 |    33 ||    59
         Peck              |     6 |     5 |    13 ||    24
         War axe           |     4 |       |       ||     4
         Trident           |     3 |    69 |   110 ||   182
         Punch             |       |       |     2 ||     2
   Cast: Summon Small Mamm |    30 |    18 |    24 ||    72
         Call Canine Famil |     2 |    10 |    15 ||    27
         Summon Lightning  |       |       |     3 ||     3
  Evoke: Wand              |       |     2 |     5 ||     7
    Use: Scroll            |     1 |    19 |     3 ||    23
         Potion            |       |     1 |     6 ||     7
   Stab: Sleeping          |     3 |     4 |     1 ||     8
         Distracted        |       |     1 |     3 ||     4
         Invisible         |       |       |     2 ||     2
 Armour: Robe              |     7 |    10 |    12 ||    29
  Dodge: Dodged            |    23 |    75 |   113 ||   211
